 Dungeon Crawl Stone Soup version 0.26-a0-1184-g95e395e029 (webtiles) character file.

Game seed: 2642120559153820959

3098 Arthanis the Arsonist (level 9, -3/45 HPs)
             Began as a Deep Elf Fire Elementalist on Dec 27, 2020.
             Was a Priest of Vehumet.
             Slain by a wyvern (9 damage)
             ... while petrified by a basilisk
             ... on level 9 of the Dungeon.
             The game lasted 00:17:39 (10528 turns).

Arthanis the Arsonist (Deep Elf Fire Elementalist) Turns: 10528, Time: 00:17:39

Health: -3/45      AC:  5    Str:  5    XL:     9   Next: 59%
Magic:  27/33      EV:  2    Int: 24    God:    Vehumet [***...]
Gold:   134        SH:  0    Dex: 15    Spells: 12/26 levels left

rFire    . . .     SeeInvis .   r - +1 mace (drain)
rCold    . . .     Faith    .   (no shield)
rNeg     + + +     Spirit   .   a - +0 robe
rPois    ∞         Reflect  .   s - +0 helmet
rElec    .         Harm     .   w - +0 cloak
rCorr    .         Rampage  .   (no gloves)
Will     .....                  q - +0 pair of boots
Stlth    ++........             (no amulet)
HPRegen  0.15/turn              H - ring of magical power
MPRegen  0.23/turn              b - ring of poison resistance

@: petrified
A: no striking features
a: Renounce Religion


You were on level 9 of the Dungeon.
You worshipped Vehumet.
Vehumet was most pleased with you.
You visited 2 branches of the dungeon, and saw 10 of its levels.
You also visited: Sewer.

You collected 554 gold pieces.
You spent 420 gold pieces at shops.

Inventory:

Hand Weapons
 g - a +0 whip
 r - a +1 mace of draining (weapon)
 E - a +0 halberd
Armour
 a - a +0 robe (worn)
 q - a +0 pair of boots (worn)
 s - a +0 helmet (worn)
 w - a +0 cloak (worn)
Jewellery
 b - a ring of poison resistance (right hand)
 f - an uncursed ring of protection from cold
 G - an uncursed ring of ice
 H - a ring of magical power (left hand)
Wands
 n - a wand of flame (2)
 v - a wand of digging (10)
 D - a wand of random effects (20)
 F - a wand of polymorph (7)
Scrolls
 c - a scroll of fear
 d - a scroll of blinking
 h - 10 scrolls of teleportation
 j - 4 scrolls of remove curse
 k - 3 scrolls of enchant armour
 o - a scroll of immolation
 y - 3 scrolls of noise
 A - 2 scrolls of fog
 B - a scroll of amnesia
Potions
 e - a potion of haste {unknown}
 i - 6 potions of curing
 l - 4 potions of mutation {unknown}
 m - 4 potions of lignification
 p - 2 potions of resistance {unknown}
 t - 2 potions of heal wounds {unknown}
 u - 3 potions of brilliance {unknown}
 x - 2 potions of might {unknown}
 z - a potion of berserk rage {unknown}
 C - 5 potions of flight


   Skills:
 - Level 2.4 Dodging
 - Level 2.4 Stealth
 + Level 9.2 Spellcasting
 + Level 7.3 Conjurations
 * Level 10.9 Fire Magic


You had 12 spell levels left.
You knew the following spells:

 Your Spells              Type           Power        Failure   Level
a - Foxfire               Conj/Fire      100%         1%          1
b - Conjure Flame         Conj/Fire      53%          1%          3
c - Sticky Flame          Conj/Fire      53%          1%          4
d - Fireball              Conj/Fire      26%          1%          5
e - Magic Dart            Conj           100%         1%          1

Your spell library contained the following spells:

 Spells                   Type           Power        Failure   Level
 Static Discharge         Conj/Air       28%          1%          3
 Inner Flame              Hex/Fire       37%          1%          3


Dungeon Overview and Level Annotations

Branches:
Dungeon (9/15)             Temple (1/1) D:6            Lair (0/6) D:9
  Sewer (visited)
    Orc: D:9-12

Altars:
Dithmenos
Fedhas
Gozag
Hepliaklqana
Kikubaaqudgha
Makhleb
Nemelex Xobeh
Okawaru
Ru
Sif Muna
Trog
Vehumet
Wu Jian
Xom
Yredelemnul
Zin
The Shining One

Shops:
D:5 ?   D:6 [   D:8 =

Annotations:
D:3 Natasha


Message History

Vehumet accepts your kill.
You feel your power returning.
The fireball engulfs the basilisk!
The basilisk is severely wounded.
You hear a shout!
You have turned to stone.
The wyvern bites you.
The wyvern bites you but does no damage.
The wyvern bites you. The yak gores you but does no damage.
The wyvern bites you! The yak gores you but does no damage.
The wyvern hisses menacingly.
The wyvern bites you! The wyvern bites you.
The yak gores you but does no damage. The wyvern bites you! The yak gores you!
The wyvern bites you! The wyvern barely misses you. The yak gores you!
The wyvern bites you!
* * * LOW HITPOINT WARNING * * *
The yak gores you!
* * * LOW HITPOINT WARNING * * *
The wyvern bites you!!
You die...

...........................##.##
..............................#..
...........####.###..............
............##...###)..#.....#...
..........#.##......######.###
....#.####...###...## +# ....###
.... #..## #..# #@## .....llY#
........# ..>.....# ........#
........# P..P..#.# ...P..#.#


You could see a yak, a basilisk and a wyvern.

Vanquished Creatures
  A wyvern (D:8)
  2 sky beasts
  3 ice beasts
  A phantom (D:8)
  An eye of draining (D:8)
  A black bear (D:9)
  2 ogres
  A centaur (D:5)
  2 big kobolds
  4 bullfrogs
  A wyvern zombie (D:8)
  A scorpion (D:4)
  2 howler monkeys
  A quasit (D:7)
  A gnoll shaman (D:8)
  3 hounds (D:6)
  2 jellies (D:7)
  2 centaur zombies
  4 orc priests
  5 orc wizards
  A bullfrog skeleton (D:4)
  A centaur skeleton (D:7)
  Terence (D:3)
  Natasha (twice) (D:3)
  An iguana (D:9)
  8 worker ants
  A merfolk siren (Sewer)
  A merfolk avatar (Sewer)
  A hound skeleton (D:9)
  2 worker ant zombies
  Robin (D:3)
  A howler monkey skeleton (D:4)
  4 gnolls (D:8)
  13 adders
  3 river rats (Sewer)
  2 shadow imps
  2 white imps
  2 ufetubi
  2 oozes
  2 adder skeletons
  A worm (D:5)
  2 dart slugs
  13 leopard geckos
  27 orcs
  9 giant cockroaches
  18 goblins
  9 hobgoblins
  13 jackals
  13 kobolds
  2 quokkas
  2 ball pythons
  5 bats
  9 frilled lizards
  28 rats
242 creatures vanquished.

Vanquished Creatures (others)
  991 foxfires
991 creatures vanquished.

Grand Total: 1233 creatures vanquished

Notes
Turn   | Place    | Note
-------+----------+-------------------------------------------
     0 | D:1      | Arthanis the Deep Elf Fire Elementalist began the quest for
                  | the Orb.
     0 | D:1      | Reached XP level 1. HP: 10/10 MP: 6/6
   184 | D:1      | Reached XP level 2. HP: 15/15 MP: 5/8
   608 | D:1      | Reached skill level 4 in Fire Magic
   852 | D:1      | Reached XP level 3. HP: 19/19 MP: 6/10
  1259 | D:2      | Found a shimmering blue altar of Sif Muna.
  1285 | D:2      | Found a faded altar of an unknown god.
  1303 | D:2      | Reached XP level 4. HP: 24/24 MP: 3/11
  1340 | D:2      | Learned a level 3 spell: Conjure Flame
  1345 | D:2      | Learned a level 4 spell: Sticky Flame
  1909 | D:2      | Found a glowing golden altar of the Shining One.
  1909 | D:2      | Found an ornate altar of the Wu Jian Council.
  1910 | D:2      | Found a glowing silver altar of Zin.
  1986 | D:3      | Noticed Robin
  1990 | D:3      | Killed Robin
  1991 | D:3      | Reached skill level 5 in Fire Magic
  2256 | D:3      | Reached XP level 5. HP: 28/28 MP: 8/13
  2361 | D:3      | Noticed Natasha
  2366 | D:3      | Killed Natasha
  2568 | D:3      | Noticed Terence
  2574 | D:3      | Killed Terence
  2686 | D:3      | Learned a level 5 spell: Fireball
  2756 | D:3      | Noticed Natasha
  2765 | D:3      | Killed Natasha
  3270 | D:3      | Noticed Natasha
  3562 | D:4      | Reached skill level 5 in Spellcasting
  3562 | D:4      | Reached XP level 6. HP: 32/32 MP: 9/15
  3701 | D:4      | Reached skill level 6 in Fire Magic
  3853 | D:4      | Found a bloodstained altar of Trog.
  3934 | D:4      | Found a burning altar of Makhleb.
  4057 | D:4      | Found an ancient bone altar of Kikubaaqudgha.
  4550 | D:5      | Entered Level 5 of the Dungeon
  4614 | D:5      | Reached XP level 7. HP: 33/36 MP: 6/17
  5090 | D:5      | Reached skill level 7 in Fire Magic
  5379 | D:5      | Found Meuce's Magic Scroll Boutique.
  5388 | D:5      | Bought a scroll of teleportation for 42 gold pieces
  5388 | D:5      | Bought a scroll of remove curse for 42 gold pieces
  5388 | D:5      | Bought a scroll of identify for 28 gold pieces
  5388 | D:5      | Bought a scroll of fog for 28 gold pieces
  5980 | D:6      | Reached skill level 5 in Conjurations
  5980 | D:6      | Reached skill level 8 in Fire Magic
  5980 | D:6      | Reached XP level 8. HP: 26/41 MP: 11/20
  6060 | D:6      | Found a staircase to the Ecumenical Temple.
  6070 | Temple   | Entered the Ecumenical Temple
  6098 | Temple   | Became a worshipper of Vehumet
  6167 | D:6      | Found a glowing drain.
  6191 | Sewer    | Entered a sewer
  6385 | Sewer    | Reached * piety under Vehumet
  6385 | Sewer    | Offered knowledge of Magic Dart by Vehumet.
  6388 | Sewer    | Learned a level 1 spell: Magic Dart
  6835 | D:6      | Found Kibleh Viwu's Armour Shop.
  7039 | D:6      | Offered knowledge of Freeze by Vehumet.
  7042 | D:6      | Reached ** piety under Vehumet
  7299 | D:6      | Reached skill level 9 in Fire Magic
  8129 | D:7      | Reached XP level 9. HP: 45/45 MP: 20/23
  8641 | D:7      | Reached skill level 10 in Fire Magic
  8854 | D:8      | Found a hazy altar of Hepliaklqana.
  8935 | D:8      | Offered knowledge of Static Discharge by Vehumet.
  9748 | D:8      | Reached *** piety under Vehumet
  9962 | D:8      | Found Qyzoch's Jewellery Shop.
  9966 | D:8      | Bought an uncursed ring of magical power for 280 gold
                  | pieces
 10455 | D:9      | Found a shimmering blue altar of Sif Muna.
 10479 | D:9      | Found a shadowy altar of Dithmenos.
 10518 | D:9      | Found a staircase to the Lair.
 10528 | D:9      | Slain by a wyvern

Illustrated notes

Levels and vault maps discovered:
D:1:      dpeg_arrival_more_subterranean_lakeside_camping, layout_basic
D:2:      layout_basic, nicolae_overflow_hidden_temple,
          chequers_ecumenical_altar_simple_redux, lemuel_blue_sif_altar
D:3:      layout_basic, uniq_robin, uniq_natasha, uniq_terence
D:4:      layout_loops_ring, kiku_gazebo_pond_becter, makhleb_grotto_becter,
          lemuel_round_altar
D:5:      layout_basic, serial_shops, shop_scrolls
D:6:      layout_loops_corners, minmay_temple_entry_mini_moons,
          portal_sewer_entry_f, serial_shops,
          nicolae_shop_competitors_out_of_business,
          chequers_serial_rivers_small_3, nrook_uturn, nrook_campfire
D:7:      layout_layer_cave, minmay_misc_feat_five
D:8:      layout_loops_corners, nzn_hepliaklqana_mist_gate, serial_shops, shop
D:9:      kennysheep_ambush_hall, layout_cave_pools, grunt_qazlal_sundering,
          nicolae_dithmenos_through_a_glass_darkly,
          nicolae_overflow_crystal_walls, david_lair_generic, enter_bailey_6,
          kennysheep_generic_room_6, uniq_erica, uniq_maggie
Temple:   hc_temple_tempest_star

Skill      XL: |  1  2  3  4  5  6  7  8  9 |
---------------+----------------------------+-----
Fire Magic     | 4 5 6 8 9 10 | 10.9
Conjurations   | 2 3 4 5 6 7 |  7.3
Spellcasting   | 4 5 6 8 9 |  9.2
Dodging        | |  2.4
Stealth        | |  2.4

Action                   |  1- 3 |  4- 6 |  7- 9 || total
-------------------------+-------+-------+-------++-------
Melee: Whip              |     1 |       |       ||     1
       Mace              |       |    12 |     9 ||    21
 Cast: Foxfire           |    67 |   203 |   395 ||   665
       Sticky Flame      |       |       |     6 ||     6
       Fireball          |       |       |     5 ||     5
       Conjure Flame     |       |       |     1 ||     1
Evoke: Wand              |       |       |     1 ||     1
  Use: Scroll            |       |       |     9 ||     9
 Stab: Sleeping          |       |     2 |     1 ||     3
Armor: Robe              |       |     7 |    17 ||    24
Dodge: Dodged            |     1 |    18 |    48 ||    67

Table legend: (Time is in decaauts)
 A = Elapsed time spent in this place.
 B = Non-inter-level travel time spent in this place.
 C = Inter-level travel time spent in this place.
 D = Time resting spent in this place.
 E = Time spent auto-exploring this place.
 F = Levels seen in this place.
 G = Mean time per level.
                   A        B        C        D        E       F      G
               +--------+--------+--------+--------+--------+-----+--------+
         Total |  10590 |  10389 |    201 |      0 |   8468 |  11 |  962.7 |
       Dungeon |   9919 |   9718 |    201 |      0 |   8040 |   9 | 1102.1 |
        Temple |     37 |     37 |      0 |      0 |      0 |   1 |   37.0 |
         Sewer |    632 |    632 |      0 |      0 |    428 |   1 |  632.0 |
               +--------+--------+--------+--------+--------+-----+--------+

Top non-repeatable levels by time:
     D:8: 1511 daAuts
     D:3: 1500 daAuts
     D:5: 1242 daAuts
     D:7: 1235 daAuts
     D:6: 1183 daAuts
     D:1: 1156 daAuts
     D:4: 1079 daAuts
     D:2: 814 daAuts
   Sewer: 632 daAuts
     D:9: 195 daAuts
  Temple: 37 daAuts
